 Dungeon Crawl Stone Soup version 0.29-a0-617-g7a6b98fccd (webtiles) character file.

Game seed: 5207545164535298657

104663 dolemite99 the Sharpshooter (level 15, -4/152 HPs)
             Began as a Minotaur Gladiator on June 18, 2022.
             Was a Plaything of Xom.
             Slain by a six-headed hydra (11 damage)
             ... on level 1 of the Swamp.
             The game lasted 00:44:31 (29581 turns).

dolemite99 the Sharpshooter (Minotaur Gladiator)   Turns: 29581, Time: 00:44:32

Health: -4/152     AC: 29    Str: 23    XL:     15   Next: 92%
Magic:  12/12      EV: 12    Int:  6    God:    Xom [..*...]
Gold:   1437       SH:  4    Dex: 26    Spells: 14/14 levels left

rFire   + + .      SeeInvis .   a - +1 dire flail (vorpal)
rCold   + . .      Faith    .   (shield currently unavailable)
rNeg    . . .      Spirit   .   t - +1 plate armour {rC+}
rPois   +          Reflect  .   (helmet unavailable)
rElec   .          Harm     .   z - +1 cloak
rCorr   .          Rampage  .   f - +1 pair of gloves
Will    ++...      Clarity  +   L - +2 pair of boots
Stlth   ..........              F - amulet "Ahiet" {Regen+ Dex+4}
HPRegen 1.15/turn               c - +6 ring of dexterity {=R}
MPRegen 0.13/turn               P - +4 ring of protection

@: about to teleport
A: horns 3, retaliatory headbutt, talons 1, iridescent scales 2, large bone
plates 1, clarity, deformed body, deterioration 1, fire resistance 2, low MP 1,
strong-willed 1, mutation resistance 1, poison resistance, robust 1, screaming
2, strong 1, wild magic 2, MP-powered wands
a: Renounce Religion


You were on level 1 of the Swamp.
You worshipped Xom.
You were a toy of Xom.
You visited 4 branches of the dungeon, and saw 24 of its levels.

You collected 2410 gold pieces.
You spent 973 gold pieces at shops.

Inventory:

Hand Weapons
 a - a +1 vorpal dire flail (weapon)
 b - a +3 triple crossbow of chaos
 x - a +2 halberd of chaos
 J - a +0 arbalest of venom
 N - a +3 bardiche of flaming
 O - the +6 mace "Coynemun" {chaos, Int+4}
   (Xom gifted it to you on level 8 of the Dungeon)

   Each time it hits an enemy it has a different, random effect.
   Int:       It affects your intelligence (+4).
 X - a +0 great mace of holy wrath
 Z - a +0 quarterstaff of venom
Missiles
 d - 3 throwing nets (quivered)
 e - a javelin
 p - 20 boomerangs
 u - 19 curare-tipped darts
 B - 16 poisoned darts
Armour
 f - a +1 pair of gloves (worn)
 j - a +1 pair of boots
 t - a +1 plate armour of cold resistance (worn)
 z - a +1 cloak (worn)
 G - a +1 hat
 I - a +1 chain mail of willpower
 L - a +2 pair of boots (worn)
Magical Staves
 i - a staff of fire
 n - a staff of cold
Jewellery
 c - a +6 ring of dexterity (left hand) {=R}
 k - a +4 ring of evasion
 F - the amulet "Ahiet" (around neck) {Regen+ Dex+4}
   (You found it on level 10 of the Dungeon)

   [amulet of regeneration]

   Dex:       It affects your dexterity (+4).
   Regen:     It increases your rate of health regeneration.
 H - a ring of protection from cold
 P - a +4 ring of protection (right hand)
 T - an amulet of faith
Wands
 q - a wand of flame (30)
 r - a wand of polymorph (6)
 s - a wand of iceblast (7)
 M - a wand of quicksilver (10)
Scrolls
 g - 3 scrolls of teleportation
 l - 2 scrolls of silence
 m - 4 scrolls of vulnerability
 v - a scroll of summoning
 y - a scroll of enchant armour
 C - 4 scrolls of identify {@r1}
 E - 4 scrolls of fog
 S - 2 scrolls of poison
 V - a scroll of amnesia
Potions
 o - 4 potions of brilliance
 A - 5 potions of haste
 D - 2 potions of degeneration
 K - 3 potions of attraction
 Q - 3 potions of lignification
 R - 2 potions of might
 U - a potion of flight
 W - a potion of magic
 Y - 5 potions of ambrosia
Miscellaneous
 h - a box of beasts


   Skills:
 - Level 14.6 Fighting
 + Level 0.0(8.3) Maces & Flails
 - Level 13.1 Staves
 - Level 17.5 Crossbows
 - Level 2.0 Throwing
 - Level 14.9 Armour
 - Level 6.5 Dodging
 - Level 11.3 Evocations


You had 14 spell levels left.
You didn't know any spells.
Your spell library contained the following spells:

 Spells                   Type           Power      Damage    Failure   Level
 Foxfire                  Conj/Fire      0%         2x1d4     99%         1
 Freeze                   Ice            0%         1d3       99%         1
 Necrotize                Necr           0%         1d4       99%         1
 Static Discharge         Conj/Air       0%         N/A       100%        2
 Sublimation of Blood     Necr           0%         N/A       100%        2
 Wereblood                Tmut           0%         N/A       100%        2
 Conjure Flame            Conj/Fire      0%         6-21      100%        3
 Frozen Ramparts          Ice            0%         1d2       100%        3
 Inner Flame              Hex/Fire       0%         N/A       100%        3
 Ozocubu's Armour         Ice            0%         N/A       100%        3
 Vampiric Draining        Necr           0%         2d6       100%        3
 Animate Dead             Necr           0%         N/A       100%        4
 Dispel Undead            Necr           0%         3d6       100%        4
 Flame Wave               Conj/Fire      0%         2d4       100%        4
 Hailstorm                Conj/Ice       0%         3d3       100%        4
 Olgreb's Toxic Radiance  Pois           0%         N/A       100%        4
 Sticky Flame             Conj/Fire      0%         2d3       100%        4
 Agony                    Necr           0%         N/A       100%        5
 Fireball                 Conj/Fire      0%         3d3       100%        5
 Iskenderun's Battlesphe  Conj           0%         2d6       100%        5
 Summon Forest            Summ/Tloc      0%         N/A       100%        5
 Summon Mana Viper        Hex/Summ       0%         N/A       100%        5
 Conjure Ball Lightning   Conj/Air       0%         3x3d6     100%        6
 Summon Cactus Giant      Summ           0%         N/A       100%        6
 Haunt                    Necr/Summ      0%         N/A       100%        7
 Malign Gateway           Summ/Tloc      0%         N/A       100%        7
 Orb of Destruction       Conj           0%         9d5       100%        7
 Ozocubu's Refrigeration  Ice            0%         4d5       100%        7
 Summon Hydra             Summ           0%         N/A       100%        7
 Ignition                 Fire           0%         3d3       100%        8
 Infestation              Necr           0%         N/A       100%        8
 Summon Horrible Things   Summ           0%         N/A       100%        8


Dungeon Overview and Level Annotations

Branches:
Dungeon (15/15)            Temple (0/1) D:4            Lair (6/6) D:8
  Swamp (1/4) Lair:3       Spider (0/4) Lair:4        Slime (0/5) Lair:5
    Orc (2/2) D:11            Elf (0/3) Orc:2        Vaults (0/5) D:14
 Depths (0/4) D:15

Altars:
Dithmenos
Fedhas
Nemelex Xobeh
Xom
Zin
Beogh

Shops:
D:15 (   Orc:2 [?[:

Portals:
Abyss: D:11
Trove: D:13 (show slimy rune of Zot)

Annotations:
D:11 2 transporters, RepHenryClay's ghost, journeyman MeGl
Lair:3 2 runed translucent doors, Archem's ghost, journeyman OgTm
Lair:5 exclusion: oklob plant
Lair:6 2 runed translucent doors, dolemite99's ghost, journeyman DsAK


Innate Abilities, Weirdness & Mutations

You have a pair of large horns on your head.
You reflexively headbutt those who attack you in melee.
You have sharp toenails.
You are mostly covered in iridescent scales. (AC +4)
You are partially covered in large bone plates. (SH +4)
You possess an exceptional clarity of mind.
Armour fits poorly on your strangely shaped body.
Your body sometimes deteriorates upon taking damage.
Your flesh is very heat resistant. (rF++)
Your magical capacity is low. (-10% MP)
You are strong-willed. (Will+)
You are somewhat resistant to further mutation.
Your system is resistant to poisons. (rPois)
You are robust. (+10% HP)
You frequently scream uncontrollably at your foes.
Your muscles are strong. (Str +4, Int/Dex-1)
Your spells are harder to cast, but more powerful.
You expend magic power (3 MP) to strengthen your wands.


Message History

The six-headed hydra bites you.
* * * LOW HITPOINT WARNING * * *
The tyrant leech bites you but does no damage.
The swamp worm fires a harpoon shot at you.
The harpoon shot hits you.
* * * LOW HITPOINT WARNING * * *
You are yanked forward by the harpoon shot.
You can't go up here!
As you read the scroll of fear, it crumbles to dust.
You assume a fearsome visage.
The seven-headed hydra resists with some effort.
The six-headed hydra resists with some effort.
The tyrant leech resists with some effort.
The will-o-the-wisp is unaffected.
The swamp worm looks frightened!
The seven-headed hydra barely misses you.
The seven-headed hydra bites you but does no damage.
The seven-headed hydra bites you!
* * * LOW HITPOINT WARNING * * *
The seven-headed hydra barely misses you.
The seven-headed hydra bites you but does no damage. x3
The six-headed hydra bites you but does no damage.
You block the six-headed hydra's attack. x2
The six-headed hydra bites you but does no damage. x3
Okay, then.
Okay, then.
As you read the scroll of teleportation, it crumbles to dust.
You feel strangely unstable. The tyrant leech bites you!
* * * LOW HITPOINT WARNING * * *
The tyrant leech draws strength from your injuries!
The seven-headed hydra bites you but does no damage.
The seven-headed hydra bites you.
* * * LOW HITPOINT WARNING * * *
The seven-headed hydra bites you but does no damage. x2
You block the seven-headed hydra's attack.
The seven-headed hydra completely misses you.
The seven-headed hydra bites you but does no damage.
The six-headed hydra bites you but does no damage. x2
The six-headed hydra bites you!
You die...
Xom thinks this is hilarious!

..≈≈≈≈. ≈≈≈.≈≈≈
≈.≈..≈. ≈≈.≈≈≈.
≈..≈.≈.
≈.♣≈.≈≈♣♣ .
...♣.v≈.♣ ...
♣.♣≈.≈D<♣♣♣≈≈≈.
♣≈≈≈.≈w@D≈..≈.♣
..≈≈≈≈.≈≈≈≈≈.♣♣
♣.≈.≈≈.w≈♣>.♣♣
♣♣♣♣.......♣♣
♣♣♣≈≈≈.♣♣
♣≈≈.♣♣ ..≈.♣
.≈≈.♣ ♣≈.≈≈♣


You could see a seven-headed hydra, a six-headed hydra, a tyrant leech, a
will-o-the-wisp and a swamp worm (fleeing).

Vanquished Creatures
  Rupert (D:13)
  An orc warlord (Orc:1)
  An ettin (Orc:2)
  4 boulder beetles
  6 hydras
  The ghost of Phlounder the Thaumaturge, a journeyman DjDe of Makhleb (D:10)
  2 catoblepae
  5 tengu warriors
  5 centaur warriors
  4 two-headed ogres
  5 death yaks (Lair:6)
  Sonja (Lair:3)
  4 skeletal warriors (D:13)
  6 orc knights
  2 wizards
  A deep elf pyromancer (D:15)
  2 necromancers
  An ugly thing (D:10)
  2 orc sorcerers (Orc:2)
  A wolf spider (D:14)
  6 cyclopes
  2 manticores
  2 naga magi (D:15)
  16 elephants
  2 centaur zombies (D:15)
  A gargoyle (D:13)
  A water nymph (D:11)
  6 black mambas
  A centaur skeleton (D:15)
  14 cane toads
  4 rime drakes
  An unseen horror (D:11)
  Psyche (D:8)
  An efreet (D:14)
  10 komodo dragons
  A freezing wraith (D:14)
  6 trolls
  A queen bee (Lair:4)
  A polar bear (shapeshifter) (D:13)
  7 hornets
  4 meliai
  5 polar bears
  25 blink frogs
  5 slime creatures
  A dream sheep (shapeshifter) (D:14)
  9 dream sheep
  2 culicivoras (Lair:4)
  Sigmund (D:6)
  4 jumping spiders
  A centaur simulacrum (D:15)
  34 yaks
  12 spriggans
  3 vampires
  2 wraiths
  4 shadows
  16 humans (D:14)
  2 wyverns
  3 vampire mosquitoes
  4 basilisks
  A steam dragon (D:8)
  4 redbacks (Lair:4)
  A warg (Orc:2)
  An acid dragon (D:9)
  13 water moccasins
  2 hell hounds (Lair:1)
  45 orc warriors
  5 black bears
  A hornet zombie (D:15)
  3 ice beasts
  9 ogres
  21 centaurs
  3 boggarts (Lair:6)
  17 wolves
  A phantom (D:6)
  2 kobold brigands
  3 scorpions
  13 bullfrogs
  A gnoll sergeant (D:9)
  A cane toad simulacrum (Lair:2)
  5 necrophages (Lair:4)
  11 wights
  An elephant simulacrum (Lair:2)
  26 killer bees
  4 howler monkeys
  4 jellies
  22 orc priests
  2 hounds
  3 iguanas
  14 orc wizards
  9 hell rats
  A polar bear simulacrum (D:13)
  5 yak simulacra (D:13)
  2 wolf simulacra (D:13)
  3 gnolls (D:9)
  5 adders
  8 river rats (Lair:6)
  2 shadow imps
  2 white imps
  5 dart slugs
  69 orcs
  8 endoplasms
  5 giant cockroaches
  9 goblins
  7 hobgoblins
  4 jackals
  13 kobolds
  3 quokkas
  9 ball pythons
  5 bats
  3 frilled lizards
  6 rats
  3 river rat simulacra (D:13)
701 creatures vanquished.

Vanquished Creatures (collateral kills)
  A hydra (Lair:6)
  3 centaur warriors (D:14)
  A two-headed ogre (D:14)
  A cyclops (D:14)
  A gargoyle (D:14)
  A polar bear (Lair:6)
  A spriggan (Lair:6)
  A black bear (Lair:6)
  A river rat (Lair:6)
  3 rats (Lair:6)
14 creatures vanquished.

Vanquished Creatures (others)
  A two-headed ogre (D:13)
  72 fungi
  76 plants
149 creatures vanquished.

Grand Total: 864 creatures vanquished

Notes
Turn   | Place    | Note
-------+----------+-------------------------------------------
     0 | D:1      | dolemite99 the Minotaur Gladiator began the quest for the
                  | Orb.
     0 | D:1      | Reached XP level 1. HP: 18/18 MP: 0/0
   197 | D:1      | Reached XP level 2. HP: 23/25 MP: 1/1
   742 | D:2      | Reached XP level 3. HP: 17/30 MP: 2/2
   888 | D:2      | Reached skill level 1 in Crossbows
   891 | D:2      | Reached skill level 5 in Staves
  1521 | D:3      | Found a faded altar of an unknown god.
  1523 | D:3      | Reached skill level 2 in Crossbows
  1523 | D:3      | Reached XP level 4. HP: 37/37 MP: 3/3
  1528 | D:3      | Prayed at the altar of an unknown god.
  1528 | D:3      | Became a worshipper of Xom the Psychopath
  1721 | D:3      | Reached skill level 3 in Crossbows
  1721 | D:3      | Reached XP level 5. HP: 33/42 MP: 4/4
  2117 | D:3      | Found a blossoming altar of Fedhas.
  2356 | D:4      | XOM: draining
  2443 | D:4      | XOM: 3-stop teleportation journey
  2652 | D:4      | Noticed an ogre
  2666 | D:4      | Killed an ogre
  2667 | D:4      | Reached skill level 4 in Crossbows
  2667 | D:4      | Reached XP level 6. HP: 25/50 MP: 5/5
  2764 | D:4      | XOM: god gift: scroll labelled XYLIGR ZAJIOLORYQ {god gift}
  2773 | D:4      | XOM is BORED!
  3078 | D:4      | Found a staircase to the Ecumenical Temple.
  3223 | D:4      | XOM: noise
  3306 | D:5      | Entered Level 5 of the Dungeon
  3639 | D:5      | XOM: scenery: 1 doors close
  3746 | D:5      | XOM: give mutations
  3746 | D:5      | Gained mutation: You are dopey. (Int -2) [Xom's mischief]
  3746 | D:5      | Gained mutation: Your magical capacity is low. (-10% MP)
                  | [Xom's mischief]
  3746 | D:5      | Gained mutation: You occasionally shout uncontrollably at
                  | your foes. [Xom's mischief]
  3746 | D:5      | Gained mutation: You possess an exceptional clarity of
                  | mind. [Xom's mischief]
  3811 | D:5      | XOM: scenery: 2 doors open, 2 doors close
  3814 | D:5      | Reached skill level 5 in Crossbows
  3846 | D:5      | Reached XP level 7. HP: 55/56 MP: 5/5
  4014 | D:5      | XOM: god gift: 50 gold pieces
  4035 | D:5      | XOM: cloud trail
  4067 | D:5      | XOM: smoke on damage
  4072 | D:5      | Reached skill level 6 in Crossbows
  4420 | D:6      | Reached XP level 8. HP: 49/62 MP: 6/6
  4473 | D:6      | XOM: 1-stop teleportation journey
  4498 | D:6      | Noticed Sigmund
  4518 | D:6      | XOM: give mutations
  4518 | D:6      | Gained mutation: You are frail. (-10% HP) [Xom's mischief]
  4518 | D:6      | Gained mutation: You frequently scream uncontrollably at
                  | your foes. [Xom's mischief]
  4582 | D:6      | Reached skill level 7 in Crossbows
  4801 | D:6      | XOM: polymorph steam dragon -> scorpion
  4804 | D:6      | XOM: swap monsters
  5012 | D:6      | XOM: 1-stop teleportation journey
  5037 | D:6      | Noticed a rime drake
  5037 | D:6      | an ogre changed into a rime drake
  5037 | D:6      | XOM: polymorph ogre -> rime drake
  5040 | D:6      | Killed Sigmund
  5050 | D:6      | Killed a rime drake
  5051 | D:6      | Reached skill level 10 in Staves
  5051 | D:6      | Reached skill level 8 in Crossbows
  5311 | D:6      | XOM: draining
  5519 | D:6      | XOM: 1-stop teleportation journey
  5656 | D:6      | XOM: give mutation
  5656 | D:6      | Gained mutation: You have a somewhat thin skeletal
                  | structure. (Dex +2, Stealth+) [Xom's mischief]
  6049 | D:7      | XOM: summons 1 hostile demon
  6056 | D:7      | XOM: swap monsters
  6068 | D:7      | XOM: noise
  6072 | D:7      | Reached XP level 9. HP: 17/59 MP: 7/7
  6367 | D:7      | Reached skill level 9 in Crossbows
  6385 | D:7      | XOM: cloud trail
  6564 | D:7      | XOM: 2-stop teleportation journey
  6999 | D:7      | XOM: smoke on damage
  7280 | D:7      | Identified the +1 fustibalus "Galeamn" {venom, rPois rN++
                  | Stlth-}
  7380 | D:7      | XOM is BORED!
  7437 | D:7      | Identified the +1 robe of the Trombone {rElec rF- MP+9
                  | Dex+8}
  7809 | D:8      | XOM: potion effect (haste)
  7813 | D:8      | Reached skill level 10 in Crossbows
  7828 | D:8      | XOM: potion effect (berserk rage)
  7832 | D:8      | XOM: potion effect (curing)
  7881 | D:7      | XOM: potion effect (curing)
  7883 | D:7      | XOM: silly message
  8113 | D:7      | XOM: silly message
  8115 | D:7      | XOM: divination: detect creatures
  8544 | D:8      | XOM: potion effect (brilliance)
  8557 | D:8      | Noticed Psyche
  8564 | D:8      | XOM: divination: detect creatures
  8590 | D:8      | XOM: potion effect (curing)
  8592 | D:8      | Killed Psyche
  8593 | D:8      | Reached skill level 11 in Crossbows
  8593 | D:8      | Reached XP level 10. HP: 40/66 MP: 8/8
  8983 | D:8      | Identified the +1 leather armour of Calculation {rC+
                  | Slay+2}
  9068 | D:8      | XOM: divination: detect items
  9180 | D:8      | Found a staircase to the Lair.
  9183 | D:8      | XOM: potion effect (haste)
  9187 | D:8      | Reached skill level 1 in Armour
  9225 | D:8      | XOM: give mutations
  9225 | D:8      | Gained mutation: You are somewhat resistant to further
                  | mutation. [Xom's grace]
  9225 | D:8      | Gained mutation: Your muscles are strong. (Str +4,
                  | Int/Dex-1) [Xom's grace]
  9225 | D:8      | Gained mutation: You are partially covered in iridescent
                  | scales. (AC +2) [Xom's grace]
  9225 | D:8      | Gained mutation: You are mostly covered in iridescent
                  | scales. (AC +4) [Xom's grace]
  9306 | D:8      | XOM: god gift: quarterstaff {god gift}
  9382 | D:8      | XOM: god gift: pitted mace {god gift}
  9382 | D:8      | Identified the +6 mace "Coynemun" {chaos, Int+4} (Xom
                  | gifted it to you on level 8 of the Dungeon)
  9513 | D:8      | Found the +7 staff of the Meek {protect, meekguard}
  9529 | D:8      | XOM: potion effect (might)
  9621 | D:8      | XOM: silly message
  9657 | D:8      | XOM: divination: magic mapping
  9697 | D:8      | XOM: silly message
 10040 | D:9      | Reached skill level 5 in Armour
 10244 | D:9      | Noticed a two-headed ogre
 10248 | D:9      | Killed a two-headed ogre
 10483 | D:9      | XOM: potion effect (experience)
 10483 | D:9      | Reached skill level 10 in Fighting
 10483 | D:9      | Reached XP level 11. HP: 90/90 MP: 8/8
 10813 | D:9      | XOM: cloud trail
 10944 | D:9      | XOM: scenery: summon butterflies
 11026 | D:9      | XOM: scenery: summon butterflies
 11092 | D:10     | Entered Level 10 of the Dungeon
 11593 | D:10     | XOM: give mutation
 11593 | D:10     | Gained mutation: Your muscles are very strong. (Str +8,
                  | Int/Dex-2) [Xom's grace]
 11605 | D:10     | Noticed a two-headed ogre
 11606 | D:10     | Noticed a two-headed ogre
 11612 | D:10     | XOM: scenery: 1 doors close
 11621 | D:10     | Killed a two-headed ogre
 11622 | D:10     | Reached skill level 10 in Armour
 11629 | D:10     | Killed a two-headed ogre
 11629 | D:10     | XOM: swap monsters
 11630 | D:10     | Reached XP level 12. HP: 48/97 MP: 9/9
 11773 | D:10     | XOM: give mutations
 11773 | D:10     | Gained mutation: You are partially covered in large bone
                  | plates. (SH +4) [Xom's grace]
 11773 | D:10     | Gained mutation: You have a pair of large horns on your
                  | head. [Xom's grace]
 11773 | D:10     | Lost mutation: You are frail. (-10% HP) [Xom's grace]
 12100 | D:10     | XOM: 5-stop teleportation journey
 12104 | D:10     | Found a runed translucent door.
 12105 | D:10     | Noticed Phlounder's ghost (journeyman DjDe)
 12174 | D:10     | XOM: polymorph yak -> jumping spider
 12499 | D:10     | Identified the amulet "Ahiet" {Regen+ Dex+4}
 12743 | D:11     | Found a transporter.
 12745 | D:11     | Found a one-way gate to the infinite horrors of the Abyss.
 12745 | D:11     | Noticed RepHenryClay's ghost (journeyman MeGl)
 12928 | D:11     | Found a transporter.
 12938 | D:11     | Noticed a two-headed ogre
 12949 | D:11     | Killed a two-headed ogre
 13079 | D:11     | Found a staircase to the Orcish Mines.
 13204 | D:11     | XOM: 5-stop teleportation journey
 13252 | D:11     | XOM: give mutations
 13252 | D:11     | Gained mutation: Your flesh is cold resistant. (rC+) [Xom's
                  | grace]
 13252 | D:11     | Gained mutation: You are strong-willed. (Will+) [Xom's
                  | grace]
 13287 | D:11     | Noticed a two-headed ogre
 13287 | D:11     | a two-headed ogre changed into a water nymph
 13287 | D:11     | XOM: polymorph two-headed ogre -> water nymph
 13402 | D:11     | XOM: cleaving
 13409 | D:11     | XOM: summons 3 friendly demons
 13666 | D:11     | Found a glowing silver altar of Zin.
 13823 | D:8      | XOM: noise
 13827 | Lair:1   | XOM: noise
 13827 | Lair:1   | Entered Level 1 of the Lair of Beasts
 13910 | Lair:1   | XOM: god gift: orange potion {god gift}
 14585 | Lair:1   | XOM: give mutations
 14585 | Lair:1   | Gained mutation: Your spells are a little harder to cast,
                  | but a little more powerful. [Xom's grace]
 14585 | Lair:1   | Gained mutation: Your spells are harder to cast, but more
                  | powerful. [Xom's grace]
 14585 | Lair:1   | Gained mutation: Your system is resistant to poisons.
                  | (rPois) [Xom's grace]
 14602 | Lair:1   | XOM: give mutation
 14602 | Lair:1   | Lost mutation: Your muscles are very strong. (Str +8,
                  | Int/Dex-2) [Xom's mischief]
 14720 | Lair:1   | XOM: divination: magic mapping
 14872 | Lair:2   | XOM: confuse monster(s)
 14900 | Lair:2   | XOM: chaos cloud
 15175 | Lair:2   | Found a frozen archway.
 15615 | Lair:3   | Found a staircase to the Swamp.
 15652 | Lair:3   | XOM: enchant monster (bad)
 15660 | Lair:3   | XOM: cleaving
 15662 | Lair:3   | XOM: summons 6 friendly demons
 15665 | Lair:3   | XOM: blink monster(s)
 15666 | Lair:3   | XOM: stat loss: -1 Str (22/23)
 15667 | Lair:3   | XOM: enchant monster (bad)
 15694 | Lair:3   | Reached XP level 13. HP: 118/123 MP: 10/10
 15829 | Lair:3   | Noticed Archem's ghost (journeyman OgTm)
 15844 | Lair:3   | Found a runed translucent door.
 15852 | Lair:3   | Reached skill level 12 in Crossbows
 15899 | Lair:3   | XOM: draining
 16218 | Lair:3   | Noticed Sonja
 16221 | Lair:3   | Killed Sonja
 16243 | Lair:3   | Found a glowing silver altar of Zin.
 16484 | Lair:3   | XOM: swap monsters
 16584 | Lair:3   | Found a runed translucent door.
 16628 | Lair:3   | XOM: give mutations
 16628 | Lair:3   | Lost mutation: You possess an exceptional clarity of mind.
                  | [Xom's mischief]
 16628 | Lair:3   | Lost mutation: Your muscles are strong. (Str +4, Int/Dex-1)
                  | [Xom's mischief]
 16628 | Lair:3   | Lost mutation: You are dopey. (Int -2) [Xom's mischief]
 16628 | Lair:3   | Lost mutation: You are mostly covered in iridescent scales.
                  | (AC +4) [Xom's mischief]
 16653 | Lair:4   | XOM: swap monsters
 16684 | Lair:4   | XOM: silly message
 16696 | Lair:3   | Reached skill level 13 in Crossbows
 17147 | Lair:4   | XOM: noise
 17223 | Lair:4   | Reached skill level 1 in Evocations
 17296 | Lair:4   | XOM: enchant monster (good)
 17507 | Lair:4   | XOM: give mutations
 17507 | Lair:4   | Gained mutation: You are agile. (Dex +4, Int/Str-1) [Xom's
                  | grace]
 17507 | Lair:4   | Gained mutation: You have sharp toenails. [Xom's grace]
 17507 | Lair:4   | Lost mutation: You are somewhat resistant to further
                  | mutation. [Xom's grace]
 17507 | Lair:4   | Gained mutation: You have hidden genetic potential. [Xom's
                  | grace]
 17629 | Lair:4   | Reached skill level 5 in Evocations
 17637 | Lair:4   | XOM: fake destruction
 17641 | Lair:4   | XOM: 3-stop teleportation journey
 17773 | Lair:4   | XOM: cleaving
 17780 | Lair:4   | XOM: cleaving
 18025 | Lair:4   | XOM: cleaving
 18322 | Lair:4   | Found a hole to the Spider Nest.
 18604 | Lair:5   | XOM: summons friendly quasit
 18695 | Lair:5   | XOM is BORED!
 18775 | Lair:5   | Found a staircase to the Slime Pits.
 18886 | Lair:5   | Found a shadowy altar of Dithmenos.
 18886 | Lair:5   | XOM: 8-stop teleportation journey
 18999 | Lair:5   | XOM: scenery: create altars
 19029 | Lair:5   | XOM: swap monsters
 19058 | Lair:5   | Reached XP level 14. HP: 84/130 MP: 11/11
 19470 | Lair:5   | XOM: silly message
 19625 | Lair:6   | Entered Level 6 of the Lair of Beasts
 19655 | Lair:6   | XOM: give mutations
 19655 | Lair:6   | Lost mutation: You have a somewhat thin skeletal structure.
                  | (Dex +2, Stealth+) [Xom's mischief]
 19655 | Lair:6   | Lost mutation: You are agile. (Dex +4, Int/Str-1) [Xom's
                  | mischief]
 19655 | Lair:6   | Lost mutation: You are partially covered in iridescent
                  | scales. (AC +2) [Xom's mischief]
 19655 | Lair:6   | Lost mutation: You have hidden genetic potential. [Xom's
                  | mischief]
 20041 | Lair:6   | XOM: enchant monster (bad)
 20050 | Lair:6   | XOM: give mutation
 20050 | Lair:6   | Gained mutation: Armour fits poorly on your strangely
                  | shaped body. [Xom's mischief]
 20214 | Lair:6   | XOM: summons 8 hostile demons
 20351 | Lair:6   | Reached skill level 10 in Evocations
 20363 | Lair:6   | XOM: noise
 20474 | Lair:6   | XOM: give mutations
 20474 | Lair:6   | Gained mutation: Your body sometimes deteriorates upon
                  | taking damage. [Xom's mischief]
 20474 | Lair:6   | Lost mutation: Your flesh is cold resistant. (rC+) [Xom's
                  | mischief]
 20664 | Lair:6   | XOM: summons 1 hostile demon
 21014 | Lair:6   | XOM: confusion (+ monsters)
 21064 | Lair:6   | XOM: divination: magic mapping
 21090 | Lair:6   | Found a large runed translucent door.
 21090 | Lair:6   | Found a large runed translucent door.
 21091 | Lair:6   | Noticed dolemite99's ghost (journeyman DsAK)
 21123 | Lair:6   | XOM: cast spell 'Metabolic Englaciation'
 21146 | Lair:6   | XOM: cast spell 'Summon Dragon'
 21646 | Lair:6   | XOM: cleaving
 21815 | Lair:6   | XOM: scenery: create altars
 21878 | Lair:6   | XOM: enchant monster (bad)
 21900 | Lair:6   | XOM: god gift: 13 gold pieces
 22123 | Lair:6   | XOM: give mutations
 22123 | Lair:6   | Gained mutation: Your flesh is heat resistant. (rF+) [Xom's
                  | grace]
 22123 | Lair:6   | Gained mutation: Your muscles are strong. (Str +4,
                  | Int/Dex-1) [Xom's grace]
 22123 | Lair:6   | Gained mutation: You are partially covered in iridescent
                  | scales. (AC +2) [Xom's grace]
 22123 | Lair:6   | Gained mutation: Your flesh is very heat resistant. (rF++)
                  | [Xom's grace]
 22627 | Orc:1    | Entered Level 1 of the Orcish Mines
 22748 | Orc:2    | Entered Level 2 of the Orcish Mines
 22748 | Orc:2    | Found a staircase to the Elven Halls.
 22749 | Orc:2    | Noticed an orc warlord
 22913 | Orc:1    | Killed an orc warlord
 23301 | Orc:1    | XOM: scenery: create altars
 23366 | Orc:1    | XOM: divination: detect creatures
 23374 | Orc:1    | XOM: summons 3 hostile demons
 23782 | Orc:2    | XOM: give mutation
 23782 | Orc:2    | Gained mutation: You are mostly covered in iridescent
                  | scales. (AC +4) [Xom's grace]
 23900 | Orc:2    | XOM: divination: magic mapping
 24003 | Orc:2    | Reached skill level 14 in Crossbows
 24051 | Orc:2    | XOM is BORED!
 24051 | Orc:2    | XOM: summons 7 hostile demons
 24274 | Orc:2    | XOM: confusion
 24289 | Orc:2    | XOM: confuse monster(s)
 24290 | Orc:2    | XOM: fog
 24320 | Orc:2    | XOM: give mutation
 24320 | Orc:2    | Gained mutation: You are somewhat resistant to further
                  | mutation. [Xom's grace]
 24598 | Orc:2    | XOM: divination: detect items
 24613 | Orc:2    | XOM: noise
 24799 | Orc:2    | XOM: confuse monster(s)
 25148 | Orc:2    | Found Zohavits's Armour Emporium.
 25148 | Orc:2    | Found Fitzaoca's Magic Scroll Boutique.
 25150 | Orc:2    | Found Vienoack's Armour Shop.
 25151 | Orc:2    | Found Qoxeus's Book Shoppe.
 25166 | Orc:2    | Bought a +1 plate armour of cold resistance for 455 gold
                  | pieces
 25203 | Orc:2    | Reached XP level 15. HP: 139/139 MP: 12/12
 25381 | Orc:2    | Bought a scroll of summoning for 133 gold pieces
 25381 | Orc:2    | Bought a scroll of teleportation for 42 gold pieces
 25381 | Orc:2    | Bought a scroll of fear for 49 gold pieces
 25381 | Orc:2    | Bought a scroll of enchant armour for 105 gold pieces
 25381 | Orc:2    | Bought a scroll of identify for 28 gold pieces
 25381 | Orc:2    | Bought a scroll of identify for 28 gold pieces
 25381 | Orc:2    | Bought a scroll of identify for 28 gold pieces
 25381 | Orc:2    | Bought a scroll of vulnerability for 105 gold pieces
 25526 | D:12     | XOM: god gift: chain mail {god gift}
 25842 | D:12     | You fall into a shaft and drop 2 floors!
 25890 | D:14     | XOM: cast spell 'Necromutation'
 25899 | D:14     | Found a gate to the Vaults.
 25899 | D:14     | XOM: 5-stop teleportation journey
 25915 | D:14     | XOM: god gift: 22 stones
 25928 | D:14     | Reached skill level 5 in Dodging
 25932 | D:14     | XOM: fog
 25980 | D:14     | XOM: scenery: summon butterflies
 25994 | D:14     | XOM: god gift: +2 triple crossbow of chaos
 26023 | D:14     | XOM: potion effect (might)
 26141 | D:14     | XOM: divination: detect creatures
 26146 | D:14     | XOM: summons friendly crimson imp
 26498 | D:14     | XOM: cast spell 'Olgreb's Toxic Radiance'
 26515 | D:14     | Reached skill level 15 in Crossbows
 27097 | D:13     | Noticed Rupert
 27107 | D:13     | Killed Rupert
 27133 | D:13     | XOM: fog
 27136 | D:13     | XOM: destruction
 27153 | D:13     | XOM: potion effect (brilliance)
 27160 | D:13     | XOM: summons 10 friendly demons
 27170 | D:13     | Reached skill level 16 in Crossbows
 27275 | D:13     | Found a portal to a secret trove of treasure.
 27656 | D:13     | XOM: divine lightning
 28147 | D:15     | Entered Level 15 of the Dungeon
 28153 | D:15     | XOM: summons friendly crimson imp
 28205 | D:14     | XOM: god gift: mace {god gift}
 28387 | D:15     | XOM: summons friendly iron imp
 28409 | D:15     | XOM: give mutations
 28409 | D:15     | Gained mutation: You expend magic power (3 MP) to
                  | strengthen your wands. [Xom's grace]
 28409 | D:15     | Gained mutation: You are robust. (+10% HP) [Xom's grace]
 28409 | D:15     | Gained mutation: You possess an exceptional clarity of
                  | mind. [Xom's grace]
 28449 | D:15     | XOM: cleaving
 28588 | D:15     | XOM: silly message
 28612 | D:15     | Found Qyffo's Weapon Boutique.
 28636 | D:15     | Reached skill level 17 in Crossbows
 28648 | D:15     | XOM: divination: detect items
 28689 | D:15     | Found a sparkling altar of Nemelex Xobeh.
 29004 | D:15     | Found a staircase to the Depths.
 29204 | D:10     | Killed Phlounder's ghost
 29572 | Swamp:1  | Entered Level 1 of the Swamp
 29581 | Swamp:1  | HP: 7/152 [seven-headed hydra (5)]
 29581 | Swamp:1  | Slain by a six-headed hydra

Illustrated notes

Levels and vault maps discovered:
D:1:      minmay_arrival_arboretum_small, layout_rooms, minmay_statues_item,
          minmay_cupped
D:2:      layout_basic, minmay_tripent
D:3:      layout_loops_cross, fedhas_altar_4,
          hellmonk_ecumenical_altar_crossroads, minivault_11, fountainhead
D:4:      layout_loops_corners, minmay_temple_entry_fiery
D:5:      minmay_chambers_of_threes, layout_basic
D:6:      layout_loops_cross, uniq_sigmund
D:7:      layout_basic, minmay_starry_boxes
D:8:      layout_layer_cave, grunt_lair_entry_orc_guard_hut,
          palyth_stone_intersect, pf_guarded_unrand_meek, uniq_psyche
D:9:      layout_stronghold, nicolae_straight_to_the_point
D:10:     minmay_recursive_quarters, layout_stronghold,
          ebering_ghost_inner_flame, kennysheep_pointless_box, minivault_10
D:11:     layout_basic, orc_0_dummy, special_room [special_room_orc],
          gammafunk_ghost_abyssal_escape, zin_treasury
D:12:     layout_basic
D:13:     layout_roguey, nicolae_trove_entry_crossroad, eino_house_with_fridge,
          uniq_rupert
D:14:     layout_loops_ring, david_vaults_3, minmay_pinched_square
D:15:     grunt_enter_depths_magical_seal, layout_cave_pools, serial_shops,
          shop_fountains, nemelex_spade_bored_becter
Lair:1:   layout_cave_pods, enter_volcano_3, serial_bayou, serial_bayou_shore_a,
          serial_bayou_crossing, serial_bayou_shore_b, serial_bayou_pond_b,
          st_stairs_8
Lair:2:   layout_loops_ring, portal_ice_cave_entry_ice_simulacra
Lair:3:   gammafunk_mikee_crab_dinner, layout_long_grid, swamp_mist_pool,
          hellmonk_ghost_happy_afterlife, basic_altar,
          infiniplex_staircase_pool_2, uniq_sonja
Lair:4:   layout_roguey [special_room_bee], nicolae_spider_entry_tight_spaces,
          roderic_carrion_pond, grunt_megastairs_5
Lair:5:   layout_cave_pods, nicolae_slime_entry_slimehenge, lemuel_oklob_altar
Lair:6:   minmay_lair_end_enchanted_forest, layout_gridlike,
          ebering_ghost_disaster_area, kennysheep_abandoned_house
Swamp:1:  layout_falls_marsh, hangedman_swamp_blocks,
          nicolae_swamp_necromancer_hut
Orc:1:    layout_caves
Orc:2:    st_orc_rangers, layout_caves

Skill      XL: |  1  2  3  4  5  6  7  8  9 10 11 12 13 14 15 |
---------------+----------------------------------------------+-----
Staves         | 4 5 6 7 9 10 12 13 | 13.1
Crossbows      | 2 3 4 5 6 8 11 13 14 17 | 17.5
Armour         | 8 10 14 | 14.9
Fighting       | 10 13 14 | 14.6
Evocations     | 8 11 | 11.3
Dodging        | 6 |  6.5
Throwing       | |  2.0

Action                   |  1- 3 |  4- 6 |  7- 9 | 10-12 | 13-15 || total
-------------------------+-------+-------+-------+-------+-------++-------
Melee: Quarterstaff      |    46 |     8 |    97 |   179 |   559 ||   889
       Headbutt          |     5 |       |    20 |    32 |   165 ||   222
 Fire: Arbalest          |    38 |    68 |   134 |   268 |   586 ||  1094
       Triple crossbow   |       |       |       |       |   174 ||   174
Evoke: Wand              |       |       |     3 |       |    29 ||    32
       Box of beasts     |       |       |       |       |     4 ||     4
  Use: Scroll            |       |     9 |     7 |    11 |    22 ||    49
       Potion            |       |       |     6 |       |     5 ||    11
 Stab: Petrified         |       |       |       |     6 |       ||     6
       Confused          |       |       |       |     2 |     1 ||     3
       Invisible         |       |       |       |       |     1 ||     1
       Paralysed         |       |       |       |       |     2 ||     2
       Distracted        |       |       |       |       |     2 ||     2
Armor: Leather armour    |     6 |       |       |       |       ||     6
       Scale mail        |    26 |    19 |    24 |       |       ||    69
       Chain mail        |       |       |    96 |   149 |   301 ||   546
       Plate armour      |       |       |       |       |   237 ||   237
Dodge: Dodged            |    30 |    20 |    99 |   154 |   671 ||   974
Block: Other             |       |       |       |    31 |   191 ||   222

Table legend: (Time is in decaauts)
 A = Elapsed time spent in this place.
 B = Non-inter-level travel time spent in this place.
 C = Inter-level travel time spent in this place.
 D = Time resting spent in this place.
 E = Time spent auto-exploring this place.
 F = Levels seen in this place.
 G = Mean time per level.
                   A        B        C        D        E       F      G
               +--------+--------+--------+--------+--------+-----+--------+
         Total |  29908 |  28273 |   1635 |   8063 |  14132 |  24 | 1246.2 |
       Dungeon |  18281 |  17047 |   1234 |   4582 |   9149 |  15 | 1218.7 |
          Lair |   8769 |   8458 |    311 |   2265 |   4175 |   6 | 1461.5 |
         Swamp |      9 |      9 |      0 |      0 |      0 |   1 |    9.0 |
  Orcish Mines |   2848 |   2760 |     88 |   1216 |    808 |   2 | 1424.0 |
               +--------+--------+--------+--------+--------+-----+--------+

Top non-repeatable levels by time:
  Lair:6: 2639 daAuts
     D:7: 2090 daAuts
  Lair:4: 1851 daAuts
     D:8: 1831 daAuts
   Orc:2: 1755 daAuts
    D:14: 1744 daAuts
    D:10: 1698 daAuts
     D:6: 1546 daAuts
     D:9: 1535 daAuts
  Lair:3: 1267 daAuts
    D:11: 1218 daAuts
     D:5: 1194 daAuts
     D:4: 1168 daAuts
  Lair:1: 1144 daAuts
  Lair:5: 1119 daAuts
